 Dungeon Crawl Stone Soup version 0.26-a0-466-g989023bd0d (webtiles) character file.

Game seed: 14265744761426790973

1656 mortelune the Skirmisher (level 9, -3/72 HPs)
             Began as a Formicid Abyssal Knight on Aug 4, 2020.
             Was a Priest of Lugonu.
             Slain by Menkaure (12 damage)
             ... on level 7 of the Dungeon.
             The game lasted 00:12:59 (7998 turns).

mortelune the Skirmisher (Formicid Abyssal Knight)  Turns: 7998, Time: 00:12:59

Health: -3/72      AC: 10    Str: 19    XL:     9   Next: 20%
Magic:  10/10      EV:  8    Int: 12    God:    Lugonu [***...]
Gold:   424        SH:  0    Dex: 11    Spells: 8/8 levels left

rFire    + . .     SeeInvis +   o - +5 war axe of Destiny {venom, rPois rF+ rC+}
rCold    + . .     Faith    .   (no shield)
rNeg     . . .     Spirit   .   k - +0 chain mail
rPois    +         Reflect  .   (helmet unavailable)
rElec    .         Harm     .   j - scarf {shadows}
rCorr    .                      (no gloves)
MR       .....                  (no boots)
Stlth    ..........             (no amulet)
HPRegen  0.22/turn              (no ring)
MPRegen  0.12/turn              (no ring)

@: no status effects
A: permanent stasis, dig shafts and tunnels, four strong arms, antennae 3
a: Dig, Shaft Self, Depart the Abyss, Bend Space, Banish, Renounce Religion


You were on level 7 of the Dungeon.
You worshipped Lugonu.
Lugonu was most pleased with you.
You visited 1 branch of the dungeon, and saw 7 of its levels.
You visited the Abyss 1 time.

You collected 424 gold pieces.

Inventory:

Hand Weapons
 a - a +1 falchion
 o - the +5 war axe of Destiny (weapon) {venom, rPois rF+ rC+}
   (You found it on level 4 of the Dungeon)

   It poisons the flesh of those it strikes.
   It protects you from fire.
   It protects you from cold.
   It protects you from poison.
Missiles
 d - 4 curare-tipped darts (quivered)
 q - 5 boomerangs
Armour
 b - a +0 leather armour
 j - a scarf of shadows (worn)
 k - a +0 chain mail (worn)
 n - a +1 cloak
Wands
 r - a wand of clouds (5)
Scrolls
 e - 2 scrolls of fear
 f - 7 scrolls of remove curse
 g - 2 scrolls of noise
 h - 4 scrolls of amnesia
 i - 6 scrolls of identify
 t - 2 scrolls of teleportation
 u - a scroll of enchant armour {unknown}
 v - a scroll of magic mapping {unknown}
Potions
 c - a potion of curing
 l - 2 potions of flight
 m - 5 potions of haste
 p - 3 potions of might
 s - a potion of degeneration {unknown}


   Skills:
 + Level 7.0 Fighting
 - Level 5.3 Long Blades
 * Level 6.1 Axes
 + Level 6.0 Armour
 - Level 0.8 Dodging
 - Level 2.1 Invocations


You had 8 spell levels left.
You didn't know any spells.
Your spell library was empty.

Dungeon Overview and Level Annotations

Branches:
Dungeon (7/15)
 Temple: D:4-7

Altars:
Dithmenos
Elyvilon
Gozag
Hepliaklqana
Okawaru
Ru
Sif Muna
Trog
Uskayaw

Annotations:
D:7 Menkaure


Innate Abilities, Weirdness & Mutations

You cannot be hasted, slowed, berserked, paralysed or teleported.
You can dig through walls and to a lower floor.
Your four strong arms can wield two-handed weapons with a shield.
You have a pair of large antennae on your head. (SInv)


Message History

Menkaure hits you!
You slash Menkaure!
Menkaure is heavily damaged.
Menkaure points at you and mumbles some strange words.
Pain shoots through your body!
You barely miss Menkaure.
Menkaure is heavily damaged.
Menkaure calls on the powers of darkness!
Your body is wracked with pain!
You hit Menkaure but do no damage.
Menkaure is heavily damaged.
Menkaure hits you!
* * * LOW HITPOINT WARNING * * *
You barely miss Menkaure.
Menkaure is heavily damaged.
Menkaure closely misses you.
Press: ? - help, Shift-Dir - straight line, f - Menkaure
Aim: Menkaure (heavily damaged, chance to defeat MR: 81%)
You fail to use your ability.
Menkaure hits you!
You die...

#.....# #....>.
#.##### #.#.> ## #.#
#.#.# ... .... .#.#.
#.#.##.#. #.# ......#
#.#...... .....#####
#.#.#.# #.#M..(#.
.#.#.#....
......#######.#@.....
..........
#.#.#............#.#.
.#.#.#(###
.......####.#.#.## .
.......#
####..........)#
.#.#...# #
##.####.#.###
.....#.# #
###......#####
######(# #
#####.............
.....).###
......#(##########
#####)###.
#######.####......
#(##..


You could see Menkaure.

Vanquished Creatures
  A hippogriff (D:3)
  2 orc warriors
  5 ogres
  A centaur (D:6)
  2 big kobolds (D:7)
  A bullfrog (D:6)
  A bullfrog zombie (D:7)
  A hound (D:6)
  3 orc priests
  6 orc wizards
  A worker ant (D:6)
  An iguana (D:5)
  A hound skeleton (D:6)
  A hound zombie (D:7)
  A worker ant zombie (D:6)
  3 adders
  2 shadow imps (D:5)
  3 worms
  3 dart slugs
  4 leopard geckos
  20 orcs
  2 ball pythons
  8 bats
  8 giant cockroaches
  7 goblins
  6 hobgoblins
  15 jackals
  2 quokkas
  5 frilled lizards
  14 kobolds
  A leopard gecko skeleton (D:5)
  A quokka skeleton (D:6)
  A rat (D:1)
133 creatures vanquished.

Notes
Turn   | Place    | Note
-------+----------+-------------------------------------------
     0 | Abyss:1  | mortelune the Formicid Abyssal Knight began the quest for
                  | the Orb.
     0 | Abyss:1  | Reached XP level 1. HP: 18/18 MP: 2/2
   224 | Abyss:1  | Noticed a ynoxinul
   225 | D:1      | Escaped the Abyss
   738 | D:1      | Reached XP level 2. HP: 24/24 MP: 3/3
  1039 | D:1      | Reached * piety under Lugonu
  1169 | D:1      | Reached XP level 3. HP: 30/30 MP: 4/4
  2273 | D:2      | Reached skill level 4 in Fighting
  2273 | D:2      | Reached XP level 4. HP: 37/37 MP: 5/5
  3014 | D:3      | Reached XP level 5. HP: 35/42 MP: 6/6
  3046 | D:3      | Reached ** piety under Lugonu
  3126 | D:3      | Noticed a hippogriff
  3148 | D:3      | Killed a hippogriff
  3148 | D:3      | Reached skill level 5 in Long Blades
  3148 | D:3      | Reached XP level 6. HP: 17/49 MP: 7/7
  3680 | D:3      | Found a bloodstained altar of Trog.
  3937 | D:4      | Noticed an ogre
  4160 | D:4      | Killed an ogre
  4160 | D:4      | Reached skill level 5 in Fighting
  4160 | D:4      | Reached XP level 7. HP: 56/56 MP: 8/8
  4238 | D:4      | Found a white marble altar of Elyvilon.
  4464 | D:4      | Found a hide-covered altar of Uskayaw.
  4547 | D:4      | Got a transparent war axe
  4548 | D:4      | Identified the +5 war axe of Destiny {venom, rPois rF+ rC+}
                  | (You found it on level 4 of the Dungeon)
  4598 | D:5      | Entered Level 5 of the Dungeon
  4810 | D:5      | Found a sacrificial altar of Ru.
  5058 | D:5      | Reached skill level 1 in Axes
  5302 | D:5      | Found a bloodstained altar of Trog.
  5922 | D:6      | Reached XP level 8. HP: 59/63 MP: 9/9
  6089 | D:6      | Reached skill level 6 in Fighting
  6494 | D:6      | Reached skill level 5 in Armour
  6495 | D:6      | You fall into a shaft and drop 1 floor!
  6537 | D:7      | Found an iron altar of Okawaru.
  6541 | D:7      | Found an opulent altar of Gozag.
  6570 | D:7      | Found a hazy altar of Hepliaklqana.
  6682 | D:7      | Reached skill level 5 in Axes
  7024 | D:7      | Found a white marble altar of Elyvilon.
  7060 | D:7      | Reached *** piety under Lugonu
  7168 | D:6      | Reached XP level 9. HP: 69/71 MP: 10/10
  7346 | D:6      | Found a shimmering blue altar of Sif Muna.
  7677 | D:6      | Reached skill level 7 in Fighting
  7830 | D:7      | Found a shadowy altar of Dithmenos.
  7989 | D:7      | Noticed Menkaure
  7998 | D:7      | Slain by Menkaure

Illustrated notes

Levels and vault maps discovered:
D:1:      nzn_arrival_settlement, layout_basic
D:2:      layout_loops_ring
D:3:      layout_basic, old_standard_altar
D:4:      layout_rooms, kennysheep_mini_moat, elyvilon_altar_1
D:5:      minmay_evil_eye, layout_basic, kennysheep_mini, basic_altar,
          hangedman_abyss_or_decor_stagger
D:6:      layout_rooms, hangedman_decor_slide_cut, lemuel_blue_sif_altar
D:7:      layout_loops_ring, lemuel_round_altar, minitemple, old_standard_altar,
          grunt_temple_overflow_open, minmay_temple_entry_nine_rooms,
          basic_altar, serial_co_window_serial, co_window_corner_a,
          co_window_paths_b, co_window_paths_b, co_window_corner_a,
          co_window_paths_a, co_window_paths_a, co_window_corner_a,
          co_window_paths_a, co_window_paths_a, glass_columns_b,
          glass_columns_c, glass_columns_b, glass_columns_a, glass_columns_a,
          ebering_ghost_inner_flame, uniq_menkaure

Skill      XL: |  1  2  3  4  5  6  7  8  9 |
---------------+----------------------------+-----
Long Blades    | 3 4 5 |  5.3
Fighting       | 4 5 6 7 |  7.0
Armour         | 3 4 5 6 |  6.0
Axes           | 3 5 6 |  6.1
Dodging        | |  0.8
Invocations    | |  2.1

Action                   |  1- 3 |  4- 6 |  7- 9 || total
-------------------------+-------+-------+-------++-------
Melee: Falchion          |    80 |   127 |       ||   207
       War axe           |       |       |   175 ||   175
Throw: Dart              |     6 |     6 |     5 ||    17
       Boomerang         |       |       |     2 ||     2
Invok: Depart the Abyss  |     1 |       |       ||     1
 Abil: Dig               |     1 |     4 |     1 ||     6
  Use: Potion            |       |     2 |     1 ||     3
       Scroll            |       |     7 |     2 ||     9
Armor: Leather armour    |    18 |    12 |       ||    30
       Chain mail        |       |    60 |    90 ||   150
Dodge: Dodged            |    45 |    67 |    72 ||   184
       Rpst.: Falchion   |    17 |    15 |       ||    32

Table legend: (Time is in decaauts)
 A = Elapsed time spent in this place.
 B = Non-inter-level travel time spent in this place.
 C = Inter-level travel time spent in this place.
 D = Time resting spent in this place.
 E = Time spent auto-exploring this place.
 F = Levels seen in this place.
 G = Mean time per level.
                   A        B        C        D        E       F      G
               +--------+--------+--------+--------+--------+-----+--------+
         Total |   8085 |   7751 |    334 |   2520 |   3927 |   8 | 1010.6 |
       Dungeon |   7860 |   7526 |    334 |   2520 |   3705 |   7 | 1122.9 |
         Abyss |    225 |    225 |      0 |      0 |    222 |   1 |  225.0 |
               +--------+--------+--------+--------+--------+-----+--------+

Top non-repeatable levels by time:
     D:5: 1714 daAuts
     D:1: 1415 daAuts
     D:2: 1258 daAuts
     D:3: 1115 daAuts
     D:6: 884 daAuts
     D:7: 861 daAuts
     D:4: 610 daAuts
 Abyss:1: 225 daAuts
